 Dungeon Crawl Stone Soup version 0.22-a0-362-g535178c (webtiles) character file.

208512 Amnesiac the Necromancer (level 18, -5/140 HPs)
             Began as a Mummy Necromancer on Apr 19, 2018.
             Was an Elder of Sif Muna.
             Hit by a poisoned javelin thrown by a merfolk javelineer (8 damage)
             ... on level 4 of the Shoals.
             The game lasted 01:32:00 (50267 turns).

Amnesiac the Necromancer (Mummy Necromancer)       Turns: 50267, Time: 01:32:01

Health: -5/140     AC: 17    Str: 13    XL:     18   Next: 13%
Magic:  0/44       EV: 20    Int: 21    God:    Sif Muna [****..]
Gold:   1915       SH: 15    Dex: 12    Spells: 11/43 levels left

rFire    . . .     SeeInvis +   a - +9 hand crossbow (freeze)
rCold    + . .     Gourm    .   C - +2 shield
rNeg     + + +     Faith    .   o - +2 robe {rF+}
rPois    ∞         Spirit   +   J - +2 helmet {SInv}
rElec    .         Reflect  .   d - +2 cloak {+Inv}
rCorr    .         Harm     .   L - +3 pair of gauntlets of War {Slay+5}
MR       ++...                  u - +2 pair of boots
Stlth    +.........             i - amulet of guardian spirit
HPRegen  0.33/turn              (no ring)
MPRegen  0.29/turn              I - ring of magical power

@: very slightly contaminated, divine energy, very slow
A: no food or potions, fire vulnerability, cold resistance 1, negative energy
resistance 3, torment resistance, unbreathing, in touch with death 1
}: 1/15 runes: serpentine
a: Stop Divine Energy, Channel Magic, Forget Spell, Renounce Religion, Evoke
Invisibility


You were on level 4 of the Shoals.
You worshipped Sif Muna.
Sif Muna was greatly pleased with you.
You were not hungry.

You visited 6 branches of the dungeon, and saw 28 of its levels.
You also visited: Labyrinth, Ossuary, Bailey and Ice Cave.

You collected 2850 gold pieces.
You spent 935 gold pieces at shops.

Inventory:

Hand Weapons
 a - a +9 hand crossbow of freezing (weapon)
 v - the +6 hunting sling "Potin" {flame, rElec rPois Int+5 Dex-2}
   (You found it on level 11 of the Dungeon)

   It causes projectiles fired from it to burn those they strike, causing extra
   injury to most foes and up to half again as much damage against particularly
   susceptible opponents.
   It affects your intelligence (+5).
   It affects your dexterity (-2).
   It insulates you from electricity.
   It protects you from poison.
 w - a +5 blowgun
 N - a +7 scimitar of flaming
Missiles
 e - 552 bolts (quivered)
 f - 6 curare-tipped needles
 E - 142 sling bullets
Armour
 d - a +2 cloak of invisibility (worn)
 o - a +2 robe of fire resistance (worn)
 u - a +2 pair of boots (worn)
 C - a +2 shield (worn)
 J - a +2 helmet of see invisible (worn)
 L - the +3 pair of gauntlets of War (worn) {Slay+5}
   (You found it on level 3 of the Shoals)

   It affects your accuracy and damage with ranged weapons and melee attacks
   (+5).
Magical Staves
 b - an uncursed staff of death
Jewellery
 i - an amulet of guardian spirit (around neck)
 t - an uncursed ring of wizardry
 A - a +4 amulet of reflection
 H - a +4 ring of intelligence
 I - a ring of magical power (right hand)
 S - an uncursed ring of fire
Wands
 j - a wand of polymorph (37)
 l - a wand of flame (173)
 n - a wand of digging (17)
 x - a wand of paralysis (40)
 B - a wand of random effects (33)
 D - a wand of enslavement (17)
 F - a wand of clouds (4)
 M - a wand of disintegration (5)
 O - a wand of acid (25)
 P - a wand of scattershot (5)
Scrolls
 g - 7 scrolls of fog {!r}
 h - 6 scrolls of teleportation {!r}
 k - 2 scrolls of immolation {!r}
 m - 5 scrolls of amnesia {!r}
 q - 13 scrolls of remove curse {!r}
 s - 3 scrolls of enchant armour {!r}
 y - 3 scrolls of magic mapping {!r}
 G - 10 scrolls of identify {!r}
 K - 3 scrolls of vulnerability {!r}
 R - a scroll of brand weapon {!r}
Miscellaneous
 c - a crystal ball of energy


   Skills:
 + Level 12.0 Fighting
 * Level 14.3 Dodging
 - Level 1.5 Stealth
 * Level 14.2 Shields
 - Level 13.0 Spellcasting
 - Level 15.0 Necromancy
 - Level 8.0 Invocations


You had 11 spell levels left.
You knew the following spells:

 Your Spells              Type           Power        Failure   Level  Hunger
a - Bolt of Draining      Conj/Necr      ######....   6%          5    N/A
b - Call Imp              Summ           ##......     8%          2    N/A
c - Pain                  Necr           ####         0%          1    N/A
d - Vampiric Draining     Necr           #######...   1%          3    N/A
e - Dispel Undead         Necr           #######.     1%          5    N/A
f - Deflect Missiles      Chrm/Air       ##........   100%        6    N/A
s - Conjure Flame         Conj/Fire      ##......     16%         3    N/A
v - Blink                 Tloc           N/A          8%          2    N/A
w - Agony                 Necr           #######.     1%          5    N/A

Dungeon Overview and Level Annotations

Branches:
Dungeon (15/15)            Temple (1/1) D:6            Lair (2/6) D:10
 Shoals (4/4) Lair:2        Snake (4/4) Lair:2          Orc (2/2) D:11
    Elf (0/3) Orc:2        Vaults (0/5) D:13         Depths (0/5) D:15

Altars:
Ashenzari
Cheibriados
Elyvilon
Fedhas
Gozag
Hepliaklqana
Kikubaaqudgha
Makhleb
Okawaru
Ru
Sif Muna
Trog
Uskayaw
Vehumet
Xom
The Shining One
Beogh

Shops:
D:5 }![}   D:7 }   D:8 ?   D:10 [   Orc:2 ?(=}   Shoals:1 }   Snake:3 }=}

Portals:
Trove: D:12 (give +2 fire dragon scales)

Annotations:
Shoals:4 Aizul, Ilsuiw
Snake:1 exclusion: Roxanne, Roxanne


Innate Abilities, Weirdness & Mutations

You do not eat or drink.
Your flesh is vulnerable to fire.
You are immune to poison.
Your flesh is cold resistant. (rC+)
You are immune to negative energy. (rN+++)
You are immune to unholy pain and torment.
You can survive without breathing.
You are in touch with the powers of death.


Message History

You feel a surge of unholy energy.
The merfolk convulses!
The merfolk siren convulses!
It was a scroll of torment {!r}.
The bat zombie closely misses you. The harpy zombie claws you.
The harpy zombie claws you but does no damage.
You block the bat zombie's attack.
The harpy zombie claws you but does no damage.
You block the harpy zombie's attack. The bat zombie barely misses you.
The merfolk completely misses you. The harpy zombie barely misses you.
The harpy zombie misses you.
Casting: Vampiric Draining (safe; 1% risk of failure)
Confirm with . or Enter, or press ? or * to list all spells.
You blink.
Splash! 2 zombies come into view.
You feel less invigorated.
Your surroundings suddenly seem different.
Splash!
Found a ration, 18 arrows and a dyed leather armour.
A snapping turtle comes into view.
Unknown command.
You found a teleport trap!
You hear a distant blaring wail to the south.
The snapping turtle bites you from afar!!
* * * LOW HITPOINT WARNING * * *
A merfolk aquamancer comes into view. It is wielding a rapier of speed.
Found a wand of iceblast (9).
Really walk into that teleport trap?
You enter a teleport trap!
The teleport trap disappears.
Your surroundings suddenly seem different.
Splash!
You fall into the shallow water.
Moving in this stuff is going to be slow.
Aizul shouts!
You hear an angry hiss.
The faun shoots a sling bullet.
The sling bullet closely misses you.
You hear a splash.
The faun shoots a sling bullet.
You block the sling bullet.
You hear a splash.
A sea snake comes into view.
You see here 2 sling bullets.
Really read
h - 7 scrolls of teleportation {!r}?
As you read the scroll of teleportation {!r}, it crumbles to dust.
You feel strangely unstable.
The sea snake hisses angrily. x2; The snapping turtle hisses angrily.
The sea snake barely misses you.
The faun shoots a sling bullet.
The sling bullet misses you.
You hear a splash.
The merfolk hits you from afar with a trident.
* * * LOW HITPOINT WARNING * * *
You see here a sling bullet.
You block the sea snake's attack. x2
The sea snake bites you but does no damage.
You block the sea snake's attack.
Your surroundings suddenly seem different.
Splash!
A merfolk javelineer comes into view. It is wielding a spear of freezing.
The merfolk javelineer shouts! x2
A sea snake comes into view.
The sea snake hisses angrily.
The wind drake hisses angrily.
You hear a shout!
The merfolk javelineer throws a javelin.
The javelin completely misses you. The merfolk javelineer misses you.
The merfolk javelineer throws a poisoned javelin.
The poisoned javelin hits you!
You die...

.......####.≈≈≈
..........#.≈≈≈
.t.........≈≈≈≈
.........(.≈≈≈≈
.........≈≈≈≈≈≈
........≈≈≈≈≈≈≈
.......≈≈≈≈≈≈≈≈
......S@≈m≈≈≈≈≈
##...≈≈≈≈≈≈≈≈≈≈
#P≈.≈≈≈≈≈≈≈≈≈≈≈
≈P≈≈≈m≈≈≈≈≈≈≈≈≈
≈≈≈P≈≈≈≈≈≈≈≈≈≈≈
≈≈≈P≈≈≈≈≈≈≈≈≈≈≈
≈≈≈P≈≈≈≈kZ≈≈≈≈≈
≈≈≈≈≈m≈≈≈≈≈≈≈≈≈


You could see 3 merfolk javelineers, a sea snake, a snapping turtle, a wind
drake and a harpy zombie (wandering).

Vanquished Creatures
  Vashnia (Snake:3)
  Nikola (Shoals:1)
  Gastronok (D:8)
  Polyphemus (Shoals:2)
  The ghost of GameOver the Destroyer, an adept NaFE of Cheibriados (Shoals:3)
  Frances (D:12)
  2 krakens
  8 nagarajas
  An orc warlord (Orc:2)
  A minotaur (Lab)
  4 merfolk javelineers
  8 merfolk impalers
  2 ogre magi
  Josephine (D:12)
  Erolcha (D:13)
  3 hydras
  4 vault guards (D:13)
  24 naga warriors
  4 merfolk aquamancers
  2 catoblepae
  Erica (D:8)
  6 two-headed ogres
  3 centaur warriors
  4 anacondas
  An alligator snapping turtle (Shoals:1)
  3 death yaks (Shoals:2)
  2 tengu warriors (D:13)
  A satyr (Shoals:2)
  19 naga sharpshooters
  The ghost of Gremour the Poker, a novice HONe (D:6)
  5 shock serpents
  Sonja (D:14)
  2 salamander mystics
  4 skeletal warriors (D:12)
  2 unseen horrors
  12 sea snakes
  A deep troll (D:15)
  6 naga ritualists (Snake:4)
  13 harpies
  12 orc knights
  A deep elf mage (D:15)
  A necromancer (IceCv)
  Pikel (D:7)
  7 fauns
  7 salamanders
  4 cyclopes
  9 ugly things
  7 mana vipers
  3 orc sorcerers
  9 manticores
  22 black mambas
  4 merfolk sirens
  10 guardian serpents
  6 elephants (Lair:2)
  2 water nymphs (Shoals:2)
  20 naga magi
  2 ice statues (IceCv)
  A torpor snail (D:7)
  3 gargoyles
  6 spiny frogs
  7 ice devils (IceCv)
  A komodo dragon (Lair:2)
  2 yaktaurs
  2 kobold demonologists (D:15)
  24 merfolk
  7 trolls
  5 wind drakes
  5 slime creatures (D:15)
  5 blink frogs (Lair:2)
  8 dream sheep
  Grinder (D:3)
  8 snapping turtles
  A harpy skeleton (D:15)
  7 hippogriffs
  12 water elementals
  5 wraiths (D:12)
  2 shadows
  3 hogs (D:9)
  4 wyverns
  A human (D:9)
  13 yaks
  2 basilisks
  6 hungry ghosts
  A steam dragon (D:14)
  Menkaure (D:5)
  A two-headed ogre zombie (D:9)
  2 vampire mosquitoes (D:15)
  9 wargs
  An acid dragon (D:14)
  54 nagas
  14 water moccasins
  A soldier ant (D:13)
  4 porcupines
  A two-headed ogre skeleton (D:7)
  59 orc warriors
  2 black bears
  4 slaves
  4 sky beasts
  5 ice beasts
  A tengu (shapeshifter) (D:14)
  An eye of draining (D:13)
  14 ogres
  3 phantoms
  A necrophage (D:12)
  7 centaurs
  3 crocodiles
  2 big kobolds
  9 bullfrogs
  A yaktaur skeleton (D:9)
  2 komodo dragon skeletons (D:7)
  5 scorpions
  A wyvern skeleton (D:6)
  8 killer bees
  5 howler monkeys
  7 wights (D:15)
  3 electric eels (D:13)
  2 centaur zombies
  3 crimson imps
  2 lava snakes (Lair:1)
  4 bullfrog zombies
  A draconian simulacrum (IceCv)
  4 bullfrog skeletons
  12 orc priests
  5 jellies
  6 centaur skeletons
  3 hounds
  5 iguanas
  A kobold skeleton (D:9)
  Jessica (D:2)
  26 orc wizards
  9 worker ants
  Natasha (thrice) (D:2)
  2 troll simulacra (IceCv)
  A big kobold zombie (Ossuary)
  3 centaur simulacra (IceCv)
  8 mummies (Ossuary)
  A hound skeleton (D:4)
  2 hound zombies
  Robin (D:2)
  A howler monkey zombie (D:9)
  3 worker ant zombies
  2 ogre simulacra (IceCv)
  13 adders
  12 gnolls
  2 naga simulacra (IceCv)
  3 shadow imps
  12 white imps (D:11)
  An iguana zombie (D:8)
  An ooze (D:3)
  3 adder skeletons
  8 worms
  A dart slug (D:1)
  4 leopard geckos
  101 orcs
  3 ball pythons
  5 giant cockroaches
  5 gnoll zombies
  13 goblins
  12 hobgoblins
  18 jackals
  6 quokkas
  A ball python skeleton (D:5)
  A ball python zombie (D:8)
  7 bats
  6 frilled lizards
  2 gnoll skeletons (Bailey)
  2 goblin zombies (D:8)
  4 hobgoblin zombies
  A jackal skeleton (D:2)
  8 kobolds
  2 kobold zombies (Ossuary)
  5 orc skeletons (Bailey)
  13 orc zombies
  2 quokka zombies (D:7)
  5 rats
  A plant (Shoals:3)
  3 tentacles (Shoals:3)
1059 creatures vanquished.

Vanquished Creatures (others)
  An unseen horror (D:13)
  2 fauns (Shoals:1)
  A merfolk siren (Shoals:1)
  An orc warrior (D:7)
  A leopard gecko (D:6)
  6 bushes (Shoals:2)
  36 plants
  9 tentacles
57 creatures vanquished.

Grand Total: 1116 creatures vanquished

Notes
Turn   | Place    | Note
-------+----------+-------------------------------------------
     0 | D:1      | Amnesiac the Mummy Necromancer began the quest for the Orb.
     0 | D:1      | Reached XP level 1. HP: 13/13 MP: 4/4
    84 | D:1      | Reached XP level 2. HP: 15/20 MP: 1/5
   163 | D:2      | Noticed Natasha
   172 | D:2      | Killed Natasha
   172 | D:2      | Reached skill level 1 in Fighting
   172 | D:2      | Reached XP level 3. HP: 18/26 MP: 7/7
   177 | D:2      | Learned a level 3 spell: Vampiric Draining
   226 | D:2      | Noticed Jessica
   232 | D:2      | Killed Jessica
   331 | D:2      | Reached XP level 4. HP: 32/32 MP: 8/8
   350 | D:2      | Noticed Robin
   384 | D:2      | Killed Robin
   503 | D:2      | Learned a level 2 spell: Blink
   508 | D:2      | Learned a level 2 spell: Call Imp
   686 | D:3      | Reached skill level 1 in Shields
   712 | D:3      | Reached XP level 5. HP: 36/38 MP: 9/9
  1103 | D:4      | Noticed Grinder
  1123 | D:4      | Paralysed by Grinder for 7 turns
  1133 | D:4      | Paralysed by Grinder for 4 turns
  1397 | D:4      | Paralysed by Grinder for 7 turns
  1566 | D:4      | Noticed an ogre
  1594 | D:4      | Killed an ogre
  1788 | D:4      | Reached XP level 6. HP: 36/44 MP: 10/10
  1897 | D:5      | Entered Level 5 of the Dungeon
  1935 | D:5      | Found Letunu's Gadget Shoppe.
  1981 | D:5      | Found a deep blue altar of Sif Muna.
  1983 | D:5      | Found a shimmering altar of Xom.
  2393 | D:5      | Noticed Menkaure
  2471 | D:5      | Learned a level 3 spell: Conjure Flame
  2602 | D:5      | Found Gegastosk's Gadget Boutique.
  2676 | D:5      | Reached XP level 7. HP: 41/50 MP: 8/11
  2759 | D:5      | Found Ziff's Distillery.
  2948 | D:6      | Reached skill level 5 in Necromancy
  3057 | D:6      | Found a staircase to the Ecumenical Temple.
  3066 | Temple   | Entered the Ecumenical Temple
  3088 | Temple   | Became a worshipper of Kikubaaqudgha
  3115 | D:6      | Noticed Gremour's ghost (novice HONe)
  3198 | D:5      | Found Cunaedi's Armour Emporium.
  3462 | D:3      | Killed Grinder
  3814 | D:1      | Reached * piety under Kikubaaqudgha
  3814 | D:1      | Identified Kikubaaqudgha's Incunabulum of Sinister Secrets (Kikubaaqudgha gifted it to you on level 1 of the Dungeon)
  3814 | D:1      | Received a gift from Kikubaaqudgha
  3846 | D:2      | Noticed Natasha
  3854 | D:2      | Found a faded altar of an unknown god.
  3864 | D:2      | Reached XP level 8. HP: 60/60 MP: 12/12
  3865 | D:2      | Killed Natasha
  3865 | D:2      | Reached skill level 5 in Dodging
  4090 | D:2      | Found a hide-covered altar of Uskayaw.
  4174 | D:2      | Noticed Natasha
  4187 | D:2      | Killed Natasha
  5048 | D:4      | Reached ** piety under Kikubaaqudgha
  5263 | D:5      | Found a radiant altar of Vehumet.
  5441 | D:5      | Bought a +0 pair of boots for 67 gold pieces
  5516 | D:5      | Killed Menkaure
  5551 | D:5      | Found a hazy altar of Hepliaklqana.
  5665 | D:5      | Found an iron altar of Okawaru.
  6032 | D:7      | Found an opulent altar of Gozag.
  6098 | D:7      | Reached skill level 5 in Fighting
  6373 | D:7      | Reached XP level 9. HP: 60/68 MP: 13/13
  6618 | D:7      | Noticed Pikel
  6854 | D:7      | Noticed a two-headed ogre
  6864 | D:7      | Noticed a torpor snail
  6864 | D:7      | a two-headed ogre changed into a torpor snail
  6883 | D:7      | Killed a torpor snail
  7046 | D:7      | Killed Pikel
  7084 | D:7      | Reached *** piety under Kikubaaqudgha
  7084 | D:7      | Identified Kikubaaqudgha's Volume of Evil (Kikubaaqudgha gifted it to you on level 7 of the Dungeon)
  7084 | D:7      | Received a gift from Kikubaaqudgha
  7153 | D:6      | Fell from the grace of Kikubaaqudgha
  7192 | D:5      | Became a worshipper of Sif Muna the Loreminder
  7425 | D:6      | HP: 3/71 [Gremour's ghost/flame tongue (26)]
  7561 | D:7      | Reached skill level 5 in Spellcasting
  7593 | D:8      | Found a sand-covered staircase.
  7703 | D:8      | Learned a level 5 spell: Dispel Undead
  7975 | Ossuary  | Entered an ossuary
 10349 | Ossuary  | Reached XP level 10. HP: 79/79 MP: 12/18
 11959 | D:8      | Noticed Erica
 12295 | D:8      | Killed Erica
 12295 | D:8      | Reached skill level 6 in Necromancy
 12426 | D:8      | Found Hamoa's Magic Scroll Emporium.
 12431 | D:8      | Bought a scroll of magic mapping for 49 gold pieces
 12431 | D:8      | Bought a scroll of enchant weapon for 105 gold pieces
 12750 | D:7      | Found Ezeil's Gadget Shoppe.
 12818 | D:7      | Noticed a soul eater
 12967 | D:6      | Killed Gremour's ghost
 13948 | D:7      | Reached skill level 7 in Necromancy
 14023 | D:7      | Reached * piety under Sif Muna
 14564 | D:8      | Found a glowing golden altar of the Shining One.
 14671 | D:8      | Learned a level 5 spell: Bolt of Draining
 14689 | D:9      | Noticed Gastronok
 15146 | D:8      | Killed Gastronok
 15146 | D:8      | Reached skill level 8 in Necromancy
 15207 | D:8      | Reached ** piety under Sif Muna
 15438 | D:9      | Reached XP level 11. HP: 84/84 MP: 8/23
 15526 | D:9      | Reached skill level 9 in Necromancy
 15745 | D:9      | Noticed a two-headed ogre
 15752 | D:9      | Killed a two-headed ogre
 15804 | D:9      | Found a white marble altar of Elyvilon.
 15940 | D:9      | Noticed a reaper
 15966 | D:10     | Entered Level 10 of the Dungeon
 16246 | D:10     | Found a flagged portal.
 16267 | Bailey   | Entered a bailey
 16279 | Bailey   | Reached skill level 10 in Necromancy
 16883 | Bailey   | Noticed a soul eater
 16994 | Bailey   | Noticed a soul eater
 17274 | Bailey   | Noticed a soul eater
 17384 | Bailey   | Was forgiven by Kikubaaqudgha
 18332 | Bailey   | Got a crystal bardiche
 18338 | Bailey   | Identified the +3 bardiche "Idghyol" {vamp, +Blink rC++} (You found it in a bailey)
 18348 | Bailey   | Noticed an orc knight
 18448 | Bailey   | Killed an orc knight
 18448 | Bailey   | Reached *** piety under Sif Muna
 19115 | D:10     | Found a staircase to the Lair.
 19426 | D:10     | Killed an unseen horror
 19426 | D:10     | Reached skill level 11 in Necromancy
 19531 | D:10     | Found Ihorath's Armour Emporium.
 19796 | D:11     | Reached skill level 10 in Spellcasting
 19846 | D:11     | Noticed a two-headed ogre
 19853 | D:11     | Killed a two-headed ogre
 19888 | D:11     | Found a staircase to the Orcish Mines.
 19959 | D:11     | Noticed a seven-headed hydra
 19968 | D:11     | Killed a seven-headed hydra
 19968 | D:11     | Reached **** piety under Sif Muna
 20007 | D:11     | Found a frozen archway.
 20037 | IceCv    | Entered an ice cave
 20347 | IceCv    | Noticed a necromancer
 20351 | IceCv    | Killed a necromancer
 20355 | IceCv    | Got a polished battleaxe {freeze}
 20369 | IceCv    | Identified the cursed +1 battleaxe "Evveferr" {freeze, rF+} (You took it off a necromancer in an ice cave)
 20484 | IceCv    | Reached XP level 12. HP: 70/91 MP: 13/26
 20826 | IceCv    | Reached skill level 12 in Necromancy
 21478 | D:11     | Found a bloodstained altar of Trog.
 21484 | D:11     | Got a smoking hunting sling
 21485 | D:11     | Identified the +6 hunting sling "Potin" {flame, rElec rPois Int+5 Dex-2} (You found it on level 11 of the Dungeon)
 22381 | D:12     | Noticed Frances
 22434 | D:12     | Found a labyrinth entrance.
 22440 | Lab      | Entered a labyrinth
 22467 | Lab      | Learned a level 6 spell: Deflect Missiles
 22473 | Lab      | Learned a level 5 spell: Agony
 23464 | Lab      | Reached skill level 13 in Necromancy
 23543 | Lab      | Noticed a minotaur
 23551 | Lab      | Killed a minotaur
 23551 | Lab      | Reached ***** piety under Sif Muna
 23551 | Lab      | Identified Lom Lobon's Disquisition on Displacement (Sif Muna gifted it to you in a labyrinth)
 23551 | Lab      | Received a gift from Sif Muna
 23560 | Lab      | Got a shimmering plate armour
 23641 | D:12     | Identified the +0 plate armour of Ennui {*Drain rPois rCorr MP-9} (You found it in a labyrinth)
 23885 | D:12     | Killed Frances
 24089 | D:12     | Noticed Josephine
 24276 | D:12     | Killed Josephine
 24276 | D:12     | Reached skill level 14 in Necromancy
 24397 | D:12     | Found a portal to a secret trove of treasure.
 24542 | D:13     | Noticed a tengu warrior
 24553 | D:13     | Killed a tengu warrior
 24553 | D:13     | Gained mutation: You are in touch with the powers of death. [Mummy growth]
 24553 | D:13     | Reached XP level 13. HP: 76/96 MP: 17/29
 24842 | D:13     | Noticed Erolcha
 24844 | D:13     | Killed Erolcha
 25340 | D:13     | Reached skill level 15 in Necromancy
 25445 | D:13     | Reached skill level 1 in Invocations
 25647 | D:13     | Found a gate to the Vaults.
 25651 | D:13     | Identified Sif Muna's Catalogue of Black Secrets (Sif Muna gifted it to you on level 13 of the Dungeon)
 25651 | D:13     | Received a gift from Sif Muna
 25770 | D:13     | Reached skill level 5 in Invocations
 26193 | D:14     | Found a glowing golden altar of the Shining One.
 26341 | D:14     | Noticed Sonja
 26351 | D:14     | Killed Sonja
 27454 | D:15     | Entered Level 15 of the Dungeon
 27505 | D:15     | Reached XP level 14. HP: 103/103 MP: 19/31
 27527 | D:15     | Reached skill level 5 in Shields
 27674 | D:15     | Found a staircase to the Depths.
 28889 | Orc:1    | Entered Level 1 of the Orcish Mines
 29478 | Orc:1    | Found a shimmering altar of Xom.
 29664 | Orc:2    | Entered Level 2 of the Orcish Mines
 30504 | Orc:2    | Found a staircase to the Elven Halls.
 31125 | Orc:2    | Noticed an orc warlord
 31127 | Orc:2    | Killed an orc warlord
 31210 | Orc:2    | Found Ryemave's Jewellery Emporium.
 31210 | Orc:2    | Found Plog's Gadget Shop.
 31240 | Orc:2    | Found a roughly hewn altar of Beogh.
 31655 | Orc:2    | Found Boeryax's Magic Scroll Emporium.
 31655 | Orc:2    | Found Maxoiphu's Antique Weapon Shop.
 32045 | Lair:1   | Entered Level 1 of the Lair of Beasts
 32823 | Lair:2   | Received a gift from Sif Muna
 32872 | Lair:2   | Found a staircase to the Snake Pit.
 33062 | Lair:2   | Reached XP level 15. HP: 78/110 MP: 2/32
 33203 | Lair:2   | Found a staircase to the Shoals.
 33246 | Lair:2   | Found a burning altar of Makhleb.
 33458 | Lair:2   | Reached skill level 10 in Dodging
 33769 | Snake:1  | Entered Level 1 of the Snake Pit
 33781 | Snake:1  | Reached skill level 10 in Shields
 34653 | Snake:1  | Noticed Roxanne
 35856 | Snake:2  | Found an ancient bone altar of Kikubaaqudgha.
 36906 | Snake:3  | Noticed Vashnia
 37082 | Snake:3  | Killed Vashnia
 38138 | Snake:3  | Got a crude scale mail
 38204 | Snake:3  | Found Rafat's Gadget Emporium.
 38204 | Snake:3  | Found Jamul's Jewellery Boutique.
 38205 | Snake:3  | Found Ocvinops's Gadget Emporium.
 38437 | Snake:3  | Reached XP level 16. HP: 120/120 MP: 33/33
 39102 | Snake:4  | Entered Level 4 of the Snake Pit
 40480 | Snake:4  | Reached skill level 10 in Fighting
 42689 | Snake:4  | Identified the cursed +1 scale mail of the Morning {Int+2} (You found it on level 3 of the Snake Pit)
 43002 | Snake:4  | Got a serpentine rune of Zot
 43191 | Snake:4  | Reached XP level 17. HP: 95/129 MP: 0/34
 44028 | Shoals:1 | Entered Level 1 of the Shoals
 44199 | Shoals:1 | Found Numot's Gadget Boutique.
 44250 | Shoals:1 | Noticed Nikola
 44268 | Shoals:1 | Killed Nikola
 44401 | Shoals:1 | Bought a wand of digging (17) for 714 gold pieces
 47628 | Shoals:2 | Noticed Polyphemus
 47642 | Shoals:2 | Killed Polyphemus
 48576 | Shoals:2 | Noticed a kraken
 48594 | Shoals:2 | Killed a kraken
 48899 | Shoals:3 | Found the +3 pair of gauntlets of War {Slay+5}
 48954 | Shoals:3 | Noticed a kraken
 48964 | Shoals:3 | Killed a kraken
 49843 | Shoals:3 | Reached XP level 18. HP: 128/140 MP: 12/35
 49929 | Shoals:3 | Noticed GameOver's ghost (adept NaFE)
 49936 | Shoals:3 | Killed GameOver's ghost
 50079 | Shoals:4 | Entered Level 4 of the Shoals
 50079 | Shoals:4 | Noticed Ilsuiw
 50191 | Shoals:4 | HP: 3/140 [water elemental (15)]
 50242 | Shoals:4 | Noticed Aizul
 50261 | Shoals:4 | HP: 3/140 [snapping turtle (8)]
 50267 | Shoals:4 | Hit by a poisoned javelin thrown by a merfolk javelineer

Vault maps used:
D:1:      doesnt_arrival_eight_statues
D:2:      overflow_temple_1_default, chequers_ecumenical_altar_simple,
          uniq_robin, uniq_natasha, uniq_jessica
D:4:      corexii_corridor_pit, uniq_grinder
D:5:      old_standard_altar, kennysheep_mini_moat, marbit_many_paths,
          nicolae_overflow_hidden_temple, serial_shops, shop, shop,
          kennysheep_little_box, shop, first_ration, uniq_menkaure
D:6:      lemuel_temple_firewalk_b
D:7:      minmay_the_grid_four_pointed_star, lemuel_round_altar, serial_shops,
          shop, uniq_pikel
D:8:      lemuel_coloured_pillars_altar, serial_shops, nicolae_shop_crystal,
          enter_ossuary_4, uniq_erica
D:9:      kennysheep_mini, grunt_livestock, uniq_gastronok
D:10:     lair_entry_dummy, serial_shops, shop, enter_bailey_3
D:11:     orc_0_dummy, portal_ice_cave_entry_imps, bloody_trog
D:12:     enter_trove_6, lab_entry_generic, uniq_frances, uniq_josephine
D:13:     grunt_vaults_entry_fortified, serial_bayou, serial_bayou_crossing,
          serial_bayou_pond_b, serial_bayou_shore_a, serial_bayou_ford_a,
          uniq_erolcha
D:14:     tso_metal_star, uniq_sonja
D:15:     hangedman_depths_entry_civil_slaughter, hangedman_decor_lopped
Temple:   dshaligram_water_room_temple
Lair:1:   disabler_island
Lair:2:   minmay_shoals_entry_centaurs, minmay_snake_entry_six_corridors,
          basic_altar
Shoals:1: cheibrodos_shoals_epimethial_gifts, serial_shops, shop,
          nicolae_shoals_square_sea_wall, st_sunken_temple, uniq_nikola
Shoals:2: yaktaur_hedge, uniq_polyphemus
Shoals:3: nicolae_shoals_hunting_party
Shoals:4: shoals_end_grunt_garden, shoal_ilsuiw, nicolae_shoals_undead_eyrie,
          uniq_aizul
Snake:1:  uniq_roxanne
Snake:2:  basic_altar
Snake:3:  minmay_shop_grove, uniq_vashnia
Snake:4:  johnstein_snake_rune_scales
Orc:1:    basic_altar, statue_in_the_mist_lemuel, guppyfry_library_mini
Orc:2:    st_orc_town
Lab:      labyrinth_spiral, lab_statue, nicolae_lab_statue, lab_block,
          nicolae_lab_diamond, labyrinth_skeletal_remains, nicolae_lab_hexagon,
          nicolae_lab_checkerboard
Ossuary:  ossuary_tomb_3
Bailey:   bailey_polearm_2, bailey
IceCv:    ice_cave_tombish

Skill      XL: |  1  2  3  4  5  6  7  8  9 10 11 12 13 14 15 16 17 18 |
---------------+-------------------------------------------------------+-----
Dodging        | 2 3 4 7 8 9 11 12 14 | 14.3
Spellcasting   | 3 5 8 10 12 13 | 13.0
Fighting       | 1 2 3 5 7 9 10 11 12 | 12.0
Shields        | 1 3 4 9 11 12 14 | 14.2
Necromancy     | 5 8 11 14 15 | 15.0
Invocations    | 8 |  8.0
Stealth        | |  1.5

Action                   |  1- 3 |  4- 6 |  7- 9 | 10-12 | 13-15 | 16-18 || total
-------------------------+-------+-------+-------+-------+-------+-------++-------
Melee: Spear             |    22 |   181 |   657 |    48 |       |       ||   908
       Whip              |       |       |    20 |       |       |       ||    20
       Scimitar          |       |       |       |     9 |       |       ||     9
       Hand crossbow     |       |       |       |     1 |       |       ||     1
       Staff             |       |       |       |       |    13 |    10 ||    23
 Fire: Hand crossbow     |       |       |       |   532 |   587 |   258 ||  1377
       Blowgun           |       |       |       |    21 |       |       ||    21
 Cast: Pain              |     7 |     2 |       |     8 |       |     7 ||    24
       Vampiric Draining |       |     7 |    27 |    26 |       |     8 ||    68
       Call Imp          |       |       |     6 |     2 |       |       ||     8
       Dispel Undead     |       |       |    14 |    74 |     7 |     5 ||   100
       Conjure Flame     |       |       |    10 |    31 |     3 |       ||    44
       Bolt of Draining  |       |       |       |    81 |   405 |   506 ||   992
       Blink             |       |       |       |    79 |       |     1 ||    80
       Agony             |       |       |       |    11 |    22 |    26 ||    59
Invok: Renounce Religion |       |       |     1 |       |       |       ||     1
       Divine Energy     |       |       |       |     1 |       |       ||     1
       Channel Magic     |       |       |       |       |       |    11 ||    11
Evoke: Wand              |       |     1 |    36 |     9 |     1 |       ||    47
  Use: Scroll            |       |     3 |     2 |    19 |     1 |    21 ||    46
 Stab: Sleeping          |       |     6 |     6 |     1 |       |       ||    13
       Distracted        |       |       |     1 |       |       |       ||     1
Armor: Robe              |       |    38 |   119 |   101 |    89 |    98 ||   445
Dodge: Dodged            |    11 |    81 |   414 |   362 |   329 |   360 ||  1557
Block: Buckler           |       |    14 |   139 |   110 |   113 |    33 ||   409
       Shield            |       |       |       |       |       |   323 ||   323
       Rpst.: Scimitar   |       |       |       |     1 |       |       ||     1

Table legend:
 A = Spawn XP
 B = Non-spawn XP
 C = Spawn XP percentage of total XP
 D = Spawn monster count
 E = Non-spawn monster count
 F = Spawn count percentage of total count
 G = Total turns spent on level
                    A         B        C        D         E        F      G
               +---------+---------+-------+---------+---------+-------+---------
         Total |       0 |  301280 |   0.0 |       0 |    1010 |   0.0 | 50267
               +---------+---------+-------+---------+---------+-------+---------
           D:1 |       0 |      50 |   0.0 |       0 |      22 |   0.0 |   493
           D:2 |       0 |     246 |   0.0 |       0 |      37 |   0.0 |  1199
           D:3 |       0 |     376 |   0.0 |       0 |      20 |   0.0 |   883
           D:4 |       0 |     459 |   0.0 |       0 |      21 |   0.0 |  1669
           D:5 |       0 |     805 |   0.0 |       0 |      29 |   0.0 |  1873
           D:6 |       0 |    1291 |   0.0 |       0 |      10 |   0.0 |  1558
           D:7 |       0 |    3204 |   0.0 |       0 |      42 |   0.0 |  2407
           D:8 |       0 |    4001 |   0.0 |       0 |      17 |   0.0 |  1415
           D:9 |       0 |    2737 |   0.0 |       0 |      17 |   0.0 |   841
          D:10 |       0 |    2556 |   0.0 |       0 |      31 |   0.0 |  1294
          D:11 |       0 |    2772 |   0.0 |       0 |      32 |   0.0 |   851
          D:12 |       0 |    9308 |   0.0 |       0 |      28 |   0.0 |  1054
          D:13 |       0 |   17172 |   0.0 |       0 |      43 |   0.0 |  1791
          D:14 |       0 |    9452 |   0.0 |       0 |      24 |   0.0 |  1290
          D:15 |       0 |   14382 |   0.0 |       0 |      47 |   0.0 |  1327
        Lair:1 |       0 |    2562 |   0.0 |       0 |      12 |   0.0 |   769
        Lair:2 |       0 |    9782 |   0.0 |       0 |      42 |   0.0 |   988
      Shoals:1 |       0 |   24854 |   0.0 |       0 |      43 |   0.0 |  2584
      Shoals:2 |       0 |   32690 |   0.0 |       0 |      53 |   0.0 |  2251
      Shoals:3 |       0 |   15444 |   0.0 |       0 |      25 |   0.0 |  1216
      Shoals:4 |       0 |    6981 |   0.0 |       0 |      13 |   0.0 |   188
       Snake:1 |       0 |   17675 |   0.0 |       0 |      32 |   0.0 |  1932
       Snake:2 |       0 |    7729 |   0.0 |       0 |      16 |   0.0 |  1530
       Snake:3 |       0 |   26186 |   0.0 |       0 |      41 |   0.0 |  1935
       Snake:4 |       0 |   61303 |   0.0 |       0 |      99 |   0.0 |  4829
         Orc:1 |       0 |    5895 |   0.0 |       0 |      54 |   0.0 |  1247
         Orc:2 |       0 |   12709 |   0.0 |       0 |      93 |   0.0 |  1837
           Lab |       0 |    1968 |   0.0 |       0 |       5 |   0.0 |  1132
       Ossuary |       0 |     180 |   0.0 |       0 |      16 |   0.0 |  3917
        Bailey |       0 |    2418 |   0.0 |       0 |      26 |   0.0 |  2598
         IceCv |       0 |    4093 |   0.0 |       0 |      20 |   0.0 |  1326
               +---------+---------+-------+---------+---------+-------+---------
